 Dungeon Crawl Stone Soup version 0.28-a0-1616-g050a50673c (webtiles) character file.

Game seed: 7072436758578824805

13 anonymouscript the Vexing (level 2, 0/11 HPs)
             Began as a Felid Enchanter on Jan 22, 2022.
             Slain by a jackal (3 damage)
             ... on level 1 of the Dungeon.
             The game lasted 00:02:27 (608 turns).

anonymouscript the Vexing (Felid Enchanter)          Turns: 608, Time: 00:02:28

Health: 0/11       AC:  1    Str:  4    XL:     2   Next: 24%
Magic:  6/6        EV: 17    Int: 16    God:
Gold:   28         SH:  0    Dex: 16    Spells: 5/5 levels left
                                        Lives:  0   Deaths: 0

rFire   . . .      SeeInvis +     - Unarmed
rCold   . . .      Faith    .   (shield unavailable)
rNeg    . . .      Spirit   .   (armour unavailable)
rPois   .          Reflect  .   (helmet unavailable)
rElec   .          Harm     .   (cloak unavailable)
rCorr   .          Rampage  .   (gloves unavailable)
Will    .....                   (boots unavailable)
Stlth   +++.......              (no amulet)
HPRegen 0.03/turn               (no ring)
MPRegen 0.10/turn               (no ring)

@: invisible, quick
A: very small, claws 1, fangs 3, see invisible, speed 1, shaggy fur 1, stealthy
paws, no weapons or thrown items, no armour, multi-lived
a: no special abilities


You were on level 1 of the Dungeon.
You visited 1 branch of the dungeon, and saw 1 of its levels.

You collected 28 gold pieces.

Inventory:

Potions
 b - a potion of berserk rage {unknown}


   Skills:
 + Level 2.9 Dodging
 + Level 4.3 Stealth
 + Level 1.2 Unarmed Combat
 + Level 2.0 Spellcasting
 + Level 4.8 Hexes


You had 5 spell levels left.
You didn't know any spells.
Your spell library contained the following spells:

 Spells                   Type           Power      Damage    Failure   Level
 Confusing Touch          Hex            17%        N/A       9%          3
 Tukima's Dance           Hex            17%        N/A       9%          3
 Ensorcelled Hibernation  Hex/Ice        18%        N/A       12%         2
 Dazzling Flash           Conj/Hex       18%        N/A       22%         3


Dungeon Overview and Level Annotations

Branches:
Dungeon (1/15)

Altars:


Innate Abilities, Weirdness & Mutations

You have sharp claws.
You have razor-sharp teeth.
You have supernaturally acute eyesight. (SInv)
You cover ground quickly. (Speed+)
You are covered in fur. (AC +1)
Your paws help you pounce on unaware monsters.
You are incapable of wielding weapons or throwing items.
You cannot wear armour.
You gain extra lives every three experience levels.


Message History

You barely miss the giant cockroach.
The giant cockroach is severely wounded.
The giant cockroach closely misses you. The jackal barely misses you.
The giant cockroach misses you.
You scratch the giant cockroach.
You kill the giant cockroach!
The jackal completely misses you. The jackal misses you.
A jackal comes into view.
The jackal bites you.
You see here a giant cockroach corpse.
You closely miss the jackal. The jackal misses you.
You closely miss the jackal.
The jackal barks!
You hear a bark!
The jackal misses you.
You hear a bark!
You closely miss the jackal. The jackal misses you.
A jackal comes into view.
The jackal completely misses you.
You scratch the jackal.
The jackal is severely wounded.
A jackal comes into view.
You barely miss the jackal. The jackal barely misses you.
The jackal misses you. The jackal completely misses you.
You barely miss the jackal.
The jackal is severely wounded.
The jackal bites you. The jackal misses you.
You scratch the jackal but do no damage.
The jackal is severely wounded.
The jackal misses you. The jackal barely misses you. The jackal bites you.
* * * LOW HITPOINT WARNING * * *
You scratch the jackal.
You kill the jackal!
The jackal bites you but does no damage.
The jackal closely misses you.
Things that are here:
a +0 short sword; 3 stones; a kobold corpse The jackal misses you.
You fade into invisibility!
The jackal bites you.
You die...

#.....######..#.######
#....................##
#.......####..#.##......
#..............)#.......
##.......###...........#
#.......# #.#..#.......
#...#.#># #.#.h#.#.....
###.#.#.###.#h.# # ....
#.#........h@# ..
#...###....# . #...#
#....# #...# #....#
#...# #.#..# #...#
......# #...#####...#
.... ....#


You could see 3 jackals.

Vanquished Creatures
  2 giant cockroaches (D:1)
  2 goblins (D:1)
  3 hobgoblins (D:1)
  A jackal (D:1)
  A ball python (D:1)
  A kobold (D:1)
  A rat (D:1)
11 creatures vanquished.

Notes
Turn   | Place    | Note
-------+----------+-------------------------------------------
     0 | D:1      | anonymouscript the Felid Enchanter began the quest for the
                  | Orb.
     0 | D:1      | Reached XP level 1. HP: 7/7 MP: 4/4
   241 | D:1      | Reached XP level 2. HP: 2/11 MP: 6/6
   608 | D:1      | Slain by a jackal

Illustrated notes

Levels and vault maps discovered:
D:1:      minmay_arrival_four_circles, layout_basic,
          chequers_serial_rivers_room_b

Action                   || total
-------------------------++-------
Melee: Unarmed           ||    40
       Punch             ||     1
  Use: Potion            ||     1
 Stab: Sleeping          ||     1
Armor: Skin              ||     3
Dodge: Dodged            ||    38

Table legend: (Time is in decaauts)
 A = Elapsed time spent in this place.
 B = Non-inter-level travel time spent in this place.
 C = Inter-level travel time spent in this place.
 D = Time resting spent in this place.
 E = Time spent auto-exploring this place.
 F = Levels seen in this place.
 G = Mean time per level.
                   A        B        C        D        E       F      G
               +--------+--------+--------+--------+--------+-----+--------+
         Total |    577 |    577 |      0 |    398 |     43 |   1 |  577.0 |
       Dungeon |    577 |    577 |      0 |    398 |     43 |   1 |  577.0 |
               +--------+--------+--------+--------+--------+-----+--------+

Top non-repeatable levels by time:
     D:1: 577 daAuts
